 Dungeon Crawl Stone Soup version 0.22-a0-430-g6609fc6 (webtiles) character file.

128 Gorglomux the Sneak (level 4, -8/20 (23) HPs)
             Began as a Spriggan Berserker on May 26, 2018.
             Was a Follower of Ashenzari.
             Mangled by a polar bear (18 damage)
             ... created by the rage of Trog
             ... in a sewer.
             The game lasted 00:05:55 (2812 turns).

Gorglomux the Sneak (Spriggan Berserker)            Turns: 2812, Time: 00:05:56

HP:   -8/20 (23)    AC:  2    Str: 13    XL:     4   Next: 87%
MP:   5/5           EV: 20    Int:  8    God:    Ashenzari [*.....]
Gold: 80            SH:  0    Dex: 16    Spells: 3/3 levels left

rFire    . . .     SeeInvis +   a - +0 short sword
rCold    . . .     Gourm    .   (shield restricted)
rNeg     . . .     Faith    .   b - +0 animal skin
rPois    .         Spirit   .   (helmet restricted)
rElec    .         Reflect  .   (no cloak)
rCorr    .         Harm     .   (gloves unavailable)
MR       .....                  (boots unavailable)
Stlth    ++........             (no amulet)
HPRegen  0.06/turn              i - ring of wizardry
MPRegen  0.09/turn              (no ring)

@: slow
A: very small, unfitting armour, see invisible, herbivore, speed 3, slow
metabolism 2
a: Curse Item, Scrying, Renounce Religion


You were in a sewer.
You worshipped Ashenzari.
Ashenzari was aware of your devotion.
You were not hungry.

You visited 1 branch of the dungeon, and saw 4 of its levels.
You also visited: Sewer.

You collected 80 gold pieces.

Inventory:

Hand Weapons
 a - a +0 short sword (weapon)
 f - a +0 hunting sling
Missiles
 k - 84 stones (quivered)
Armour
 b - a +0 animal skin (worn)
Jewellery
 i - a ring of wizardry (left hand)
Scrolls
 d - a scroll of enchant armour {unknown}
 g - a scroll of remove curse
 h - a scroll of immolation {unknown}
 j - 2 scrolls of teleportation {unknown}
 l - a scroll of identify {unknown}
 o - a scroll of blinking {unknown}
Potions
 e - a potion of curing {unknown}
 m - a potion of brilliance {unknown}
 n - a potion of heal wounds {unknown}
 p - a potion of berserk rage {unknown}
 q - a potion of invisibility {unknown}
 r - 2 potions of flight
Comestibles
 c - 4 rations


   Skills:
 - Level 2.4 Fighting
 - Level 3.2 Short Blades
 - Level 4.4 Dodging
 + Level 7.3 Stealth


You had 3 spell levels left.
You didn't know any spells.
Your spell library was empty.

Dungeon Overview and Level Annotations

Branches:
Dungeon (4/15)
 Temple: D:4-7

Altars:
Ashenzari
Cheibriados


Innate Abilities, Weirdness & Mutations

You are very small and have problems with some larger weapons.
You are too small for most types of armour.
You have supernaturally acute eyesight. (SInv)
You are a herbivore.
You cover ground extremely quickly.
You need to consume almost no food.


Message History

Moving in this stuff is going to be slow!
You enter the shallow water!
Butt in this stuff is going to be slow!
Butt enter the shallow water!
Moving in this stuff butts going to be slow!
You enter the shallow water!
Butt in this stuff is going to be butt!
You enter the shallow water!
Moving in this stuff is going to be slow!
You enter the butt water!
Moving in this stuff is going to be slow!
You enter the shallow water!
Moving in this stuff is going to be slow!
You start resting!
Trog sends monsters to punish you! 2 polar bears and 2 black bears come into view!
The black bear moves butt of view!
The polar bear rages!
The polar bear rages!
The polar bear bites butt!!!!!!
DANG rip

#≈≈≈# #.≈≈#
#≈≈≈################≈≈≈#
#≈≈≈≈≈≈≈.≈≈≈.≈≈.≈≈≈≈≈≈≈#
#≈≈≈≈≈h≈≈≈≈≈≈≈≈≈≈≈≈≈≈≈≈#
#≈≈≈≈≈≈h.≈≈≈.≈≈≈.≈≈≈≈≈.#
#≈≈.###≈≈.#### #####≈≈≈#
#≈≈≈# #h≈≈# #≈≈≈# #≈≈.#
#h≈≈# #≈≈.# #≈≈≈# #@≈≈#
#.≈.# #≈≈.# #≈≈≈# ####
#≈≈≈# #≈≈≈# #.≈≈# #∩∩#
#≈≈.# #≈≈.# #≈≈≈# #..#
#≈≈≈# #≈≈≈#
#≈≈.####..####.≈≈# #≈≈≈#
#≈≈≈##.#..#.##≈≈≈# #≈≈≈#
#≈≈≈##.'..'.##.≈≈# #≈≈≈#
#≈≈.##.'..'.##≈≈.# #≈≈.#
#†#..#.##≈≈≈#


You could see 2 polar bears and 2 black bears.

Vanquished Creatures
  A hound (D:4)
  An adder (D:4)
  2 oozes (Sewer)
  2 worms (Sewer)
  2 dart slugs
  4 leopard geckos
  A ball python (Sewer)
  10 bats
  4 giant cockroaches
  5 goblins
  5 hobgoblins
  10 jackals
  7 kobolds
  5 frilled lizards
  7 rats
66 creatures vanquished.

Notes
Turn   | Place    | Note
-------+----------+-------------------------------------------
     0 | D:1      | Gorglomux the Spriggan Berserker began the quest for the Orb.
     0 | D:1      | Reached XP level 1. HP: 11/11 MP: 2/2
    14 | D:1      | Fell from the grace of Trog
    20 | D:1      | Reached skill level 1 in Stealth
   172 | D:1      | Reached skill level 2 in Stealth
   289 | D:2      | Reached XP level 2. HP: 12/16 MP: 3/3
   295 | D:2      | Reached skill level 3 in Stealth
   557 | D:2      | Noticed a bullfrog
   844 | D:1      | Reached skill level 4 in Stealth
   987 | D:2      | Reached XP level 3. HP: 15/19 MP: 4/4
  1071 | D:2      | Reached skill level 5 in Stealth
  1095 | D:2      | Found a snail-covered altar of Cheibriados.
  1561 | D:2      | Found a faded altar of an unknown god.
  1569 | D:2      | Became a worshipper of Ashenzari the Shackled
  1569 | D:2      | Reached * piety under Ashenzari
  1775 | D:4      | Noticed a scorpion
  1844 | D:4      | Reached skill level 6 in Stealth
  1844 | D:4      | Reached XP level 4. HP: 13/20 MP: 5/5
  1900 | D:4      | Found a glowing drain.
  2036 | Sewer    | Entered a sewer
  2430 | Sewer    | Reached skill level 7 in Stealth
  2810 | Sewer    | Noticed a polar bear
  2810 | Sewer    | Noticed a black bear
  2810 | Sewer    | Noticed a polar bear
  2810 | Sewer    | Noticed a black bear
  2812 | Sewer    | Mangled by a polar bear

Vault maps used:
D:1:      lordsloth_arrival_two_stooges
D:2:      lemuel_round_altar, chequers_ecumenical_altar_simple
D:3:      gammafunk_temple_overflow_wave, first_ration, uniq_terence,
          uniq_jessica, uniq_robin
D:4:      tgw_xom, marbit_many_paths, temple_hall, gup_sewer_entry_bowl,
          elyvilon_altar_3, uniq_eustachio
Sewer:    sewer_fruit_machine

Skill      XL: |  1  2  3  4 |
---------------+-------------+-----
Stealth        | 2 4 6 7 |  7.3
Fighting       | |  2.4
Short Blades   | |  3.2
Dodging        | |  4.4

Action                   |  1- 3 |  4- 6 || total
-------------------------+-------+-------++-------
Melee: Short sword       |   167 |    98 ||   265
Throw: Stone             |       |    18 ||    18
Invok: Renounce Religion |     1 |       ||     1
  Use: Potion            |       |     1 ||     1
 Stab: Sleeping          |     4 |     2 ||     6
Armor: Animal skin       |    16 |    33 ||    49
Dodge: Dodged            |   126 |   186 ||   312

Table legend:
 A = Spawn XP
 B = Non-spawn XP
 C = Spawn XP percentage of total XP
 D = Spawn monster count
 E = Non-spawn monster count
 F = Spawn count percentage of total count
 G = Total turns spent on level
                    A         B        C        D         E        F      G
               +---------+---------+-------+---------+---------+-------+---------
         Total |       0 |     184 |   0.0 |       0 |      66 |   0.0 |  2812
               +---------+---------+-------+---------+---------+-------+---------
           D:1 |       0 |      24 |   0.0 |       0 |      13 |   0.0 |   483
           D:2 |       0 |      52 |   0.0 |       0 |      30 |   0.0 |  1207
           D:4 |       0 |      58 |   0.0 |       0 |       3 |   0.0 |   310
         Sewer |       0 |      50 |   0.0 |       0 |      20 |   0.0 |   776
               +---------+---------+-------+---------+---------+-------+---------
